 Dungeon Crawl Stone Soup version 0.32-a0-913-g739538afd8 (webtiles) character file.

Game seed: 13010391264162979429

8651 PriceMaster the Covert (level 11, -1/56 HPs)
             Began as a Spriggan Enchanter on Apr 8, 2024.
             Was a Priest of Dithmenos.
             Killed from afar by an ice statue (33 damage)
             ... with a bolt of cold
             ... on level 10 of the Dungeon.
             The game lasted 00:33:52 (14087 turns).

PriceMaster the Covert (Spriggan Enchanter)        Turns: 14087, Time: 00:33:53

Health: -1/56      AC:  8    Str: 10    XL:     11   Next: 12%
Magic:  10/24      EV: 17    Int: 24    God:    Dithmenos [***...]
Gold:   1999       SH: 12    Dex: 19    Spells: 15/31 levels left

rFire   + . .        N - +4 dagger (chaos)
rCold   . . .        C - +3 warlock's mirror {omnireflect}
rNeg    . . .        G - +0 acid dragon scales
rPois   .            (helmet restricted)
rElec   .            r - +1 cloak
rCorr   +            (gloves unavailable)
SInv    +            (boots unavailable)
Will    +....        F - amulet of reflection
Stlth   +++++++      e - +6 ring of intelligence
HPRegen 0.29/turn    v - +6 ring of strength
MPRegen 0.19/turn

%: reflection
@: wreathed by umbra, very quick
A: very small, no large weapons, unfitting armour, see invisible, speed 3, fire
resistance 1, low MP 1, sense surroundings 1
a: Renounce Religion, Shadow Step


You were on level 10 of the Dungeon.
You worshipped Dithmenos.
Dithmenos was most pleased with you.
You visited 1 branch of the dungeon, and saw 10 of its levels.
You also visited: Ossuary.

You collected 2345 gold pieces.
You spent 346 gold pieces at shops.

Inventory:

Hand Weapons
 a - a +3 dagger
 k - a +6 short sword
 N - a +4 dagger of chaos (weapon)
Missiles
 i - 3 throwing nets
Armour
 b - a +1 robe
 r - a +1 cloak (worn)
 B - +0 steam dragon scales
 C - the +3 warlock's mirror (worn) {omnireflect}
   (You acquired it on level 8 of the Dungeon)

   Omnireflect: It can block and reflect piercing ranged attacks and magical
   attacks against the wielder's willpower.
 G - +0 acid dragon scales (worn)
Magical Staves
 o - a staff of earth
Jewellery
 e - a +6 ring of intelligence (left hand)
 h - a ring of poison resistance
 l - a ring of fire
 v - a +6 ring of strength (right hand)
 F - an amulet of reflection (around neck)
 I - an amulet of regeneration
Wands
 y - a wand of warping (6)
 A - a wand of flame (34)
 D - a wand of light (2)
 H - a wand of paralysis (10)
 L - a wand of polymorph (5)
Scrolls
 g - 8 scrolls of identify
 j - 6 scrolls of teleportation
 n - a scroll of fear
 t - a scroll of noise
 w - 3 scrolls of revelation {unknown}
 x - 2 scrolls of torment {unknown}
 K - a scroll of amnesia {unknown}
 M - a scroll of poison
 Q - a scroll of fog {unknown}
Potions
 c - 2 potions of brilliance
 d - a potion of haste
 f - 6 potions of lignification
 m - 5 potions of heal wounds
 p - 5 potions of attraction
 q - a potion of enlightenment
 s - 6 potions of curing {unknown}
 u - 4 potions of degeneration {unknown}
 z - 2 potions of invisibility
 E - a potion of cancellation {unknown}
 J - a potion of resistance {unknown}
 O - 2 potions of magic {unknown}
 P - a potion of might {unknown}


   Skills:
 * Level 5.4 Fighting
 * Level 8.5 Short Blades
 + Level 1.2 Armour
 + Level 5.2 Dodging
 + Level 11.2 Stealth
 + Level 1.1 Shields
 * Level 10.9 Spellcasting
 + Level 1.1 Conjurations
 + Level 8.3 Hexes
 + Level 2.3 Ice Magic
 + Level 0.2 Air Magic
 + Level 1.3 Alchemy
 + Level 0.7 Evocations


You had 15 spell levels left.
You knew the following spells:

 Your Spells              Type           Power      Damage    Failure   Level
a - Ensorcelled Hibernat  Hex/Ice        76%        N/A       1%          2
b - Mephitic Cloud        Conj/Alch/Air  17%        N/A       24%         3
c - Dazzling Flash        Conj/Hex       70%        N/A       4%          3
d - Tukima's Dance        Hex            52%        N/A       1%          3
e - Sting                 Conj/Alch      76%        1d7       7%          1
f - Cause Fear            Hex            26%        N/A       3%          4

Your spell library contained the following spells:

 Spells                   Type           Power      Damage    Failure   Level
 Confusing Touch          Hex            52%        N/A       1%          3
 Sigil of Binding         Hex            52%        N/A       1%          3
 Mercury Vapours          Alch/Air       32%        N/A       13%         2
 Anguish                  Hex/Necr       16%        N/A       22%         4
 Swiftness                Air            14%        N/A       32%         3
 Passwall                 Erth           13%        N/A       34%         3
 Silence                  Hex/Air        16%        N/A       50%         5
 Olgreb's Toxic Radiance  Alch           19%        N/A       56%         4
 Curse of Agony           Necr           13%        N/A       97%         5
 Enfeeble                 Hex            26%        N/A       97%         7
 Death Channel            Necr           6%         N/A       100%        6
 Sculpt Simulacrum        Ice/Alch       10%        N/A       100%        6


Dungeon Overview and Level Annotations

Branches:
Dungeon (10/15)            Temple (0/1) D:5         Ossuary (visited)
   Lair: D:8-11         Orc: D:9-12

Altars:
Cheibriados
Dithmenos
Elyvilon
Makhleb
Nemelex Xobeh
Okawaru
Qazlal
Sif Muna
Trog
Uskayaw
Vehumet
Xom
The Shining One

Shops:
D:3 ?   D:5 !

Portals:
Trove: D:10 (give horn of Geryon)

Annotations:
D:5 2 transporters, JoadsterXIII's ghost, novice GrFi
D:10 exclusion: ice statue


Innate Abilities, Weirdness & Mutations

You are very small and have problems with some larger weapons.
You are too small for most types of armour.
You have supernaturally acute eyesight. (SInv)
You cover ground extremely quickly. (Speed+++)
Your flesh is heat resistant. (rF+)
Your magical capacity is low. (-10% MP)
You passively map a small area around you.


Message History

Casting: Sting (safe; 7% risk of failure)
Confirm with . or Enter, or press ? or * to list all spells.
Aiming: Sting (safe; 7% risk of failure)
Press: ? - help, Shift-Dir - straight line, f/p - ice statue
Aim: an ice statue (umbra, 100% to hit)
The sting hits the ice beast.
The ice beast is poisoned.
The ice beast is lightly wounded.
Unknown command.
Casting: Sting (safe; 7% risk of failure)
Confirm with . or Enter, or press ? or * to list all spells.
Aiming: Sting (safe; 7% risk of failure)
Press: ? - help, Shift-Dir - straight line, f/p - ice statue
Aim: an ice statue (umbra, 100% to hit)
The sting hits the ice beast.
The ice beast looks even sicker.
The ice beast is lightly wounded.
Unknown command.
Casting: Sting (safe; 7% risk of failure)
Confirm with . or Enter, or press ? or * to list all spells.
Aiming: Sting (safe; 7% risk of failure)
Press: ? - help, Shift-Dir - straight line, f/p - ice statue
Aim: an ice statue (umbra, 100% to hit)
The sting hits the ice beast.
The ice beast partially resists.
The ice beast is lightly wounded.
You block the ice beast's attack. The ice beast misses you.
Casting: Sting (safe; 7% risk of failure)
Confirm with . or Enter, or press ? or * to list all spells.
Casting: Cause Fear (dangerous; 3% risk of failure)
Press: ? - help, Dir - look around, f - activate The ice statue is unaffected.
The ice beast looks frightened! x3
Unknown command.
Casting: Cause Fear (dangerous; 3% risk of failure)
Confirm with . or Enter, or press ? or * to list all spells.
Aiming: Sting (safe; 7% risk of failure)
Press: ? - help, Shift-Dir - straight line, f - ice statue
Aim: an ice statue (umbra, 100% to hit)
The sting hits the ice statue but does no damage.
The ice statue gestures at you. The bolt of cold hits you!!
Ouch! That really hurt!
You die...

.....#.....#....###
.....#.....#....... ,
.....#.....#....... , ,
.....#.....'....... ,
.....#.##..########
#'####.###.##############
,
..#.....##.#⌠.....Y≈≈....
,
..#.....##........≈≈≈....
..#.....###.....@.○I≈....
..#.....# ##......≈Y≈....
, ..'.....#
#⌠.....Y≈≈.... ,
..####'## ##############
* * #'##....# * *** ,
...#....# , , ,, , ,
...#....# * , , ####....#
, , * ###### ** * *


You could see an ice statue and 3 ice beasts.

Vanquished Creatures
  Harold (D:10)
  A centaur warrior (D:10)
  Pikel (D:7)
  Psyche (D:10)
  A shadow (D:9)
  A wyvern (D:10)
  9 yaks
  3 steam dragons
  An acid dragon (D:9)
  3 orc warriors
  2 sky beasts (D:7)
  An ice beast (D:6)
  3 black bears
  An ogre (D:4)
  A centaur (D:10)
  Blork the orc (D:4)
  A kobold brigand (D:10)
  3 bullfrogs
  A scorpion (D:5)
  4 water moccasin zombies (Ossuary)
  8 wights
  A burial acolyte (Ossuary)
  3 killer bees (D:9)
  5 howler monkeys
  A bombardier beetle (D:6)
  A human zombie (D:4)
  A spectral scorpion (Ossuary)
  2 orc priests (D:8)
  7 hounds
  4 jellies
  3 iguanas
  6 orc wizards
  A sleepcap (D:6)
  Terence (D:2)
  Natasha (thrice) (D:4)
  A crocodile zombie (Ossuary)
  2 mummies (Ossuary)
  Robin (D:3)
  8 gnolls
  9 adders
  A shadow imp (D:6)
  A ribbon worm zombie (D:4)
  A white imp (D:6)
  6 ufetubi
  6 adder zombies (Ossuary)
  3 dart slugs
  14 orcs
  5 ball pythons
  4 bats
  3 endoplasms
  6 giant cockroaches
  10 goblins
  10 hobgoblins
  8 jackals (D:2)
  8 kobolds
  A quokka (D:2)
  2 frilled lizards (D:3)
  10 gnoll zombies (Ossuary)
  4 jackal zombies (Ossuary)
  2 orc zombies (Ossuary)
  4 rats
217 creatures vanquished.

Vanquished Creatures (collateral kills)
  A two-headed ogre (D:9)
  A centaur (D:10)
  2 kobold brigands
  6 wights (D:9)
  2 gnolls (D:5)
  3 orcs
  11 kobolds
26 creatures vanquished.

Vanquished Creatures (others)
  5 dancing weapons
5 creatures vanquished.

Grand Total: 248 creatures vanquished

Notes
Turn   | Place    | Note
-------+----------+-------------------------------------------
     0 | D:1      | PriceMaster the Spriggan Enchanter began the quest for the
                  | Orb.
     0 | D:1      | Reached XP level 1. HP: 9/9 MP: 5/5
    61 | D:1      | Reached XP level 2. HP: 12/13 MP: 7/7
   775 | D:2      | Learned a level 2 spell: Ensorcelled Hibernation
   803 | D:2      | Reached skill level 5 in Stealth
   815 | D:2      | Reached XP level 3. HP: 14/16 MP: 2/8
  1270 | D:2      | Noticed Terence
  1277 | D:2      | Killed Terence
  1278 | D:2      | Reached XP level 4. HP: 13/21 MP: 5/10
  1720 | D:3      | Found a faded altar of an unknown god.
  1875 | D:3      | Found a bloodstained altar of Trog.
  2068 | D:3      | Found Lyov's Magic Scroll Shoppe.
  2117 | D:3      | Bought a scroll of identify for 20 gold pieces
  2117 | D:3      | Bought a scroll of identify for 20 gold pieces
  2257 | D:3      | Noticed Robin
  2278 | D:3      | Killed Robin
  2283 | D:3      | Reached XP level 5. HP: 18/25 MP: 2/11
  2296 | D:3      | Reached skill level 1 in Fighting
  2306 | D:3      | Reached skill level 6 in Stealth
  2666 | D:4      | Noticed Natasha
  2671 | D:4      | Killed Natasha
  2696 | D:4      | Noticed an ogre
  2725 | D:4      | Killed an ogre
  2726 | D:4      | Reached skill level 1 in Ice Magic
  2730 | D:4      | Reached XP level 6. HP: 30/30 MP: 0/13
  2796 | D:4      | Noticed Natasha
  2800 | D:4      | Killed Natasha
  2903 | D:4      | Found a sand-covered staircase.
  2921 | D:4      | Noticed Natasha
  2957 | D:4      | Killed Natasha
  3275 | Ossuary  | Entered an ossuary
  3305 | Ossuary  | Learned a level 3 spell: Mephitic Cloud
  3309 | Ossuary  | Learned a level 3 spell: Dazzling Flash
  3338 | Ossuary  | Reached XP level 7. HP: 35/35 MP: 15/15
  3929 | Ossuary  | Reached skill level 5 in Spellcasting
  4272 | D:4      | Found a glowing golden altar of the Shining One.
  4281 | D:4      | Noticed Blork the orc
  4285 | D:4      | Killed Blork the orc
  4286 | D:4      | Reached skill level 7 in Stealth
  4434 | D:4      | Found a sparkling altar of Nemelex Xobeh.
  4617 | D:4      | Reached skill level 5 in Short Blades
  4619 | D:4      | Reached skill level 5 in Hexes
  4619 | D:4      | Reached XP level 8. HP: 39/39 MP: 17/17
  4656 | D:4      | Gained mutation: You have hidden genetic potential. [potion
                  | of mutation]
  4656 | D:4      | Gained mutation: Your mind is acute. (Int +4, Str/Dex -1)
                  | [potion of mutation]
  4729 | D:4      | Lost mutation: Your mind is acute. (Int +4, Str/Dex -1)
                  | [potion of mutation]
  4729 | D:4      | Lost mutation: You have hidden genetic potential. [potion
                  | of mutation]
  4729 | D:4      | Gained mutation: You are dopey. (Int -2) [potion of
                  | mutation]
  4729 | D:4      | Gained mutation: You do not regenerate when monsters are
                  | visible. [potion of mutation]
  5829 | D:5      | Entered Level 5 of the Dungeon
  5837 | D:5      | Found Kathoh's Distillery.
  5845 | D:5      | Bought a potion of mutation for 88 gold pieces
  5845 | D:5      | Bought a potion of mutation for 88 gold pieces
  5845 | D:5      | Lost mutation: You do not regenerate when monsters are
                  | visible. [potion of mutation]
  5845 | D:5      | Lost mutation: You are dopey. (Int -2) [potion of mutation]
  5845 | D:5      | Gained mutation: Your body sometimes deteriorates upon
                  | taking damage. [potion of mutation]
  5845 | D:5      | Gained mutation: You occasionally lose the ability to read
                  | scrolls when taking damage. [potion of mutation]
  5846 | D:5      | Lost mutation: Your body sometimes deteriorates upon taking
                  | damage. [potion of mutation]
  5846 | D:5      | Lost mutation: You occasionally lose the ability to read
                  | scrolls when taking damage. [potion of mutation]
  5846 | D:5      | Gained mutation: Your mind is acute. (Int +4, Str/Dex -1)
                  | [potion of mutation]
  5846 | D:5      | Gained mutation: You have sharp toenails. [potion of
                  | mutation]
  5863 | D:5      | Identified 2 scrolls of acquirement
  5864 | D:5      | Acquired 426 gold pieces
  5866 | D:5      | Acquired 1223 gold pieces
  5878 | D:5      | Bought a potion of heal wounds for 55 gold pieces
  5882 | D:5      | Learned a level 3 spell: Tukima's Dance
  5918 | D:5      | Lost mutation: Your mind is acute. (Int +4, Str/Dex -1)
                  | [potion of mutation]
  5918 | D:5      | Lost mutation: You have sharp toenails. [potion of
                  | mutation]
  5918 | D:5      | Gained mutation: You passively map a small area around you.
                  | [potion of mutation]
  5918 | D:5      | Gained mutation: Your flesh is heat resistant. (rF+)
                  | [potion of mutation]
  5918 | D:5      | Gained mutation: Your magical capacity is low. (-10% MP)
                  | [potion of mutation]
  5969 | D:5      | Found a radiant altar of Vehumet.
  5969 | D:5      | Found a stormy altar of Qazlal.
  6081 | D:5      | Found a transporter.
  6084 | D:5      | Noticed JoadsterXIII's ghost (novice GrFi)
  6095 | D:5      | Found a transporter.
  6272 | D:5      | Found a staircase to the Ecumenical Temple.
  6311 | D:5      | Reached skill level 8 in Stealth
  6791 | D:3      | Bought a scroll of enchant armour for 75 gold pieces
  7002 | D:3      | Prayed at the altar of an unknown god.
  7002 | D:3      | Became a worshipper of Dithmenos the Shadowed
  7002 | D:3      | Reached * piety under Dithmenos
  8093 | D:6      | Learned a level 1 spell: Sting
  8266 | D:6      | Reached skill level 9 in Stealth
  8724 | D:6      | Found a burning altar of Makhleb.
  8724 | D:6      | Found a shimmering blue altar of Sif Muna.
  8856 | D:7      | Noticed Pikel
  8878 | D:7      | Killed Pikel
  8879 | D:7      | Reached XP level 9. HP: 26/45 MP: 0/18
  9326 | D:7      | Reached ** piety under Dithmenos
  9668 | D:7      | Found a shimmering altar of Xom.
 10039 | D:8      | Reached skill level 10 in Stealth
 10300 | D:8      | Acquired the +3 warlock's mirror {omnireflect}
 10300 | D:8      | Found the +3 warlock's mirror {omnireflect}
 10692 | D:8      | Reached XP level 10. HP: 51/51 MP: 21/21
 10757 | D:8      | Found a white marble altar of Elyvilon.
 11420 | D:9      | Learned a level 4 spell: Cause Fear
 11625 | D:9      | Noticed a two-headed ogre
 11632 | D:9      | Killed a two-headed ogre
 11633 | D:9      | Reached skill level 5 in Dodging
 11633 | D:9      | Reached skill level 1 in Conjurations
 11702 | D:9      | Found an iron altar of Okawaru.
 11702 | D:9      | Reached *** piety under Dithmenos
 12435 | D:9      | Reached skill level 1 in Alchemy
 12439 | D:9      | Reached skill level 11 in Stealth
 12462 | D:9      | Reached skill level 5 in Fighting
 12462 | D:9      | Reached skill level 1 in Armour
 12462 | D:9      | Reached skill level 10 in Spellcasting
 12536 | D:9      | Found a hide-covered altar of Uskayaw.
 12566 | D:9      | Found a shadowy altar of Dithmenos.
 12611 | D:10     | Entered Level 10 of the Dungeon
 12761 | D:10     | Found a snail-covered altar of Cheibriados.
 12816 | D:10     | Noticed Harold
 12822 | D:10     | Killed Harold
 12900 | D:10     | Noticed Psyche
 12906 | D:10     | Killed Psyche
 12907 | D:10     | Reached skill level 1 in Shields
 12910 | D:10     | Found a portal to a secret trove of treasure.
 13039 | D:10     | Reached XP level 11. HP: 33/56 MP: 0/24
 13799 | D:10     | Noticed a centaur warrior
 13807 | D:10     | Killed a centaur warrior
 14087 | D:10     | Killed from afar by an ice statue

Illustrated notes

Levels and vault maps discovered:
D:1:      psy_arrival_statuary, layout_basic
D:2:      layout_basic, serial_aquarium, aquarium_bridge_square
          [aquarium_subvault_balcony, aquarium_subvault_balcony,
          aquarium_subvault_window, aquarium_subvault_bridge],
          aquarium_bridge_long_separate [aquarium_subvault_bridge,
          aquarium_subvault_window, aquarium_subvault_bridge,
          aquarium_subvault_bridge, aquarium_subvault_balcony,
          aquarium_subvault_bridge], aquarium_window_fake,
          aquarium_window_corner, aquarium_window_1, aquarium_view_2b,
          aquarium_balcony_double_4, uniq_terence
D:3:      layout_loops_ring, mainiacjoe_overflow_brackets,
          shapermc_ecumenical_altar_mp_urbaneastern, serial_shops,
          nicolae_shop_trees, uniq_robin
D:4:      layout_basic, kennysheep_mini, tso_metal_star, enter_ossuary_3,
          kennysheep_path_1, st_stairs_8, uniq_blork_the_orc, uniq_natasha
D:5:      layout_gridville, amethyst_overflow_temple_binary, temple_fountains,
          gammafunk_ghost_arena, serial_shops, shop, dreamdust_gnoll_farm
D:6:      layout_basic, jmf_multi_god_temple
D:7:      layout_basic, mainiacjoe_overflow_small_starburst,
          nicolae_twisty_statue_hallways, uniq_pikel
D:8:      black_bear_nest_1, layout_gridville, general_overflow_altar,
          bh_walls_and_bars
D:9:      layout_loops_cross, okawaru_gym_becter, mainiacjoe_overflow_alcove_4,
          kennysheep_mini_moat, nrook_campfire
D:10:     lemuel_ice_statue, layout_gridville, chei_slow_surprise,
          nicolae_trove_entry_crossroad, kennysheep_generic_room_13,
          uniq_harold, uniq_psyche

Skill      XL: |  1  2  3  4  5  6  7  8  9 10 |
---------------+-------------------------------+-----
Spellcasting   | 3 4 5 7 8 10 | 10.9
Stealth        | 5 6 7 9 10 11 | 11.2
Hexes          | 4 5 6 8 |  8.3
Short Blades   | 2 3 5 6 7 8 |  8.5
Dodging        | 3 4 5 |  5.2
Fighting       | 1 2 3 4 5 |  5.4
Ice Magic      | 1 2 |  2.3
Conjurations   | 1 |  1.1
Alchemy        | 1 |  1.3
Armour         | 1 |  1.2
Shields        | 1 |  1.1
Air Magic      | |  0.2
Evocations     | |  0.7

Action                     |  1- 3 |  4- 6 |  7- 9 | 10-12 || total
---------------------------+-------+-------+-------+-------++-------
  Melee: Dagger            |   139 |   165 |   181 |    40 ||   525
         Short sword       |       |       |   142 |    72 ||   214
   Cast: Ensorcelled Hiber |    15 |    42 |    39 |    31 ||   127
         Dazzling Flash    |       |       |    10 |    14 ||    24
         Mephitic Cloud    |       |       |    10 |     5 ||    15
         Sting             |       |       |    27 |    18 ||    45
         Tukima's Dance    |       |       |    19 |    21 ||    40
         Cause Fear        |       |       |       |     5 ||     5
  Evoke: Wand              |       |     4 |       |    14 ||    18
    Use: Scroll            |       |    10 |     9 |       ||    19
         Potion            |       |     2 |     8 |       ||    10
   Stab: Sleeping          |    11 |    26 |    44 |    17 ||    98
         Invisible         |       |     9 |     7 |     6 ||    22
         Confused          |       |       |     5 |     1 ||     6
         Distracted        |       |       |     1 |       ||     1
 Armour: Robe              |    44 |    54 |   108 |       ||   206
         Steam dragon scal |       |       |    10 |     8 ||    18
         Acid dragon scale |       |       |       |    28 ||    28
  Dodge: Dodged            |   148 |   109 |   274 |    50 ||   581
  Block: Buckler           |       |       |     4 |    88 ||    92
         Reflection        |       |       |       |     4 ||     4

Table legend: (Time is in decaauts)
 A = Elapsed time spent in this place.
 B = Non-inter-level travel time spent in this place.
 C = Inter-level travel time spent in this place.
 D = Time resting spent in this place.
 E = Time spent auto-exploring this place.
 F = Levels seen in this place.
 G = Mean time per level.
                   A        B        C        D        E       F      G
               +--------+--------+--------+--------+--------+-----+--------+
         Total |  10747 |  10008 |    739 |   2708 |   5303 |  11 |  977.0 |
       Dungeon |   9966 |   9227 |    739 |   2186 |   5260 |  10 |  996.6 |
       Ossuary |    781 |    781 |      0 |    522 |     43 |   1 |  781.0 |
               +--------+--------+--------+--------+--------+-----+--------+

Top non-repeatable levels by time:
     D:4: 2042 daAuts
    D:10: 1118 daAuts
     D:8: 1064 daAuts
     D:3: 1010 daAuts
     D:9: 973 daAuts
     D:7: 878 daAuts
     D:2: 849 daAuts
     D:6: 848 daAuts
 Ossuary: 781 daAuts
     D:1: 635 daAuts
     D:5: 546 daAuts
